Unix NetHack Version 3.7.0-97 Work-in-progress - last build Jan 28 2024 04:41:54 (eae211b052f4c4d875b52ed558e44d2f93f0896c,branch:master). Game began 2024-02-02 16:27:44, ended 2024-02-02 16:42:06. elenmirie, lawful female human Knight -------- |......|# |......|# |.......###################################u |.>....|# ----------@ ------.-# |........k## ### # #.........|# ## # #|........| ####### # #|........| -.----- # #####---------- |.....| # # |.Z...| # #### |.....| # # --.----####### # ###### # -------------- # ##..>..........| # |.............## -------------- Elenmirie the Gallant St:16 Dx:9 Co:11 In:8 Wi:14 Ch:18 Lawful Dlvl:2 $:34 HP:0(24) Pw:11(11) AC:4 Xp:2/26 T:636 Burdened Latest messages: You see here a looking glass. You have a little trouble lifting q - a looking glass. The lichen touches you! You cannot escape from the lichen! You kill the lichen! You kill the jackal! There is a doorway here. You see here a jackal corpse. The jackal bites! Arod picks up a jackal corpse. You kill the jackal! You have a little trouble lifting $ - 10 gold pieces (29 in total). Arod drops a jackal corpse. You stop. Arod is in the way! You see here a jackal corpse. There is a jackal corpse here; eat it? [ynq] (n) y This jackal corpse tastes terrible! You finish eating the jackal corpse. You swap places with Arod. You find a hidden passage. You have a little trouble lifting $ - 5 gold pieces (34 in total). You see here a statue of a kobold zombie. You stop searching. Arod hits the grid bug. Arod misses the grid bug. Arod misses the grid bug. Arod misses the grid bug. Arod hits the grid bug. The grid bug is killed! You find a hidden passage. You hear a door open. You swap places with Arod. You swap places with Arod. The large kobold hits! You feel tough! You must have been leading a healthy life-style. You miss the large kobold. The large kobold hits! The large kobold misses! The large kobold hits! The large kobold hits! The large kobold hits! The large kobold hits! The large kobold hits! You die... Do you want your possessions identified? [ynq] (y) y Do you want to see your attributes? [ynq] (y) y Do you want an account of creatures vanquished? [ynaq] (y) y Do you want to see your conduct? [ynq] (y) y Do you want to see the dungeon overview? [ynq] (y) y Inventory: Coins $ - 34 gold pieces Weapons a - a blessed +1 long sword (weapon in right hand) n - the cursed -1 Mjollnir b - an uncursed +1 lance (alternate weapon; not wielded) Armor d - an uncursed rusty +0 helmet (being worn) f - an uncursed +0 pair of leather gloves (being worn) e - an uncursed +0 small shield (being worn) c - an uncursed +1 ring mail (being worn) Comestibles g - 10 uncursed apples h - 12 uncursed carrots l - 2 uncursed food rations o - an uncursed fortune cookie Scrolls j - a cursed scroll of light Potions m - a blessed potion of speed Rings p - an uncursed ring of conflict Wands i - an uncursed wand of striking (0:4) Tools k - an uncursed bell q - an uncursed mirror Elenmirie the Knight's attributes: Background: You were a Gallant, a level 2 female human Knight. You were lawful, on a mission for Lugh who was opposed by Brigit (neutral) and Manannan Mac Lir (chaotic). You were right-handed. You were in the Dungeons of Doom, on level 2. You entered the dungeon 636 turns ago. You had 26 experience points, 14 more were needed to attain level 3. Basics: You had 0 out of 24 hit points. You had all 11 energy points (spell power). Your armor class was 4. Your wallet contained 34 zorkmids. Autopickup was on for '$' plus thrown. Final Characteristics: Your strength was 16 (limit:18/100). Your dexterity was 9 (limit:18). Your constitution was 11 (limit:18). Your intelligence was 8 (limit:18). Your wisdom was 14 (limit:18). Your charisma was 18 (limit:18). Final Status: You weren't hungry. You were burdened; movement was slightly slowed. You were wielding a long sword. You had basic skill with long sword. Final Attributes: You were fervently aligned. You could jump. You were warded. You are dead. Miscellaneous: You never encountered a bones level. Total elapsed playing time was 14 minutes and 21 seconds. Major events: Turn 1: elenmirie the lawful female human Knight entered the dungeon 204: found Mjollnir on the floor 636: killed by a large kobold Vanquished creatures: 3 jackals a fox 2 goblins a sewer rat 2 grid bugs 3 lichens 3 newts 15 creatures vanquished. No species were genocided or became extinct. Voluntary challenges: You were an atheist. You were illiterate. You never engraved Elbereth. You never genocided any monsters. You never polymorphed an object. You never changed form. You used no wishes. The Dungeons of Doom: levels 1 to 2 Level 1: A grave. Level 2: <- You were here. Final resting place for you, killed by a large kobold. Game over: ---------- / \ / REST \ / IN \ / PEACE \ / \ | elenmirie | | 34 Au | | killed by a | | large kobold | | | | | | 2024 | *| * * * | * _________)/\\_//(\/(/\)/\//\/|_)_______ Fare thee well elenmirie the Knight... You died in The Dungeons of Doom on dungeon level 2 with 185 points, and 34 pieces of gold, after 636 moves. You were level 2 with a maximum of 24 hit points when you died.